 Dungeon Crawl Stone Soup version 0.29-a0-559-g359e09b9d1 (webtiles) character file.

Game seed: 9172808239496228970

168 spiderkeys the Ducker (level 5, -3/32 HPs)
             Began as a Deep Elf Abyssal Knight on June 10, 2022.
             Was an Elder of Lugonu.
             Slain by a bullfrog (4 damage)
             ... in a sewer.
             The game lasted 00:03:39 (2167 turns).

spiderkeys the Ducker (Deep Elf Abyssal Knight)     Turns: 2167, Time: 00:03:40

Health: -3/32      AC:  4    Str: 10    XL:     5   Next: 23%
Magic:  11/11      EV: 10    Int: 17    God:    Lugonu [****..]
Gold:   35         SH:  0    Dex: 15    Spells: 10/10 levels left

rFire   . . .      SeeInvis .   a - +1 short sword (spect)
rCold   . . .      Faith    .   (no shield)
rNeg    . . .      Spirit   .   b - +1 leather armour
rPois   .          Reflect  .   (no helmet)
rElec   .          Harm     .   (no cloak)
rCorr   .          Rampage  .   (no gloves)
Will    .....                   (no boots)
Stlth   +.........              (no amulet)
HPRegen 0.10/turn               (no ring)
MPRegen 0.12/turn               (no ring)

@: mighty, constricted
A: no striking features
a: Renounce Religion, Depart the Abyss, Bend Space, Banish, Corrupt


You were in a sewer.
You worshipped Lugonu.
Lugonu was greatly pleased with you.
You visited 1 branch of the dungeon, and saw 4 of its levels.
You visited the Abyss 1 time.
You also visited: Sewer.

You collected 35 gold pieces.


   Skills:
 + Level 3.2 Fighting
 + Level 2.4 Short Blades
 - Level 0.7 Armour
 + Level 3.8 Dodging
 + Level 3.0 Spellcasting
 + Level 3.2 Invocations


You had 10 spell levels left.
You didn't know any spells.
Your spell library was empty.

Inventory:

Hand Weapons
 a - a +1 spectral short sword (weapon)
Missiles
 i - 4 stones
 j - 4 poisoned darts
Armour
 b - a +1 leather armour (worn)
 h - a +0 chain mail
   (You found it on level 1 of the Dungeon)
 o - a +0 leather armour
   (You found it in a sewer)
Scrolls
 e - a scroll of identify {unknown}
 k - a scroll of teleportation {@r4}
 l - a scroll of amnesia {unknown}
 p - a scroll of enchant armour
 q - a scroll of acquirement {unknown}
 r - a scroll of enchant weapon {unknown}
Potions
 c - 2 potions of heal wounds {unknown}
 d - 2 potions of might
 f - a potion of invisibility {unknown}
 g - a potion of degeneration {unknown}
 m - a potion of attraction {unknown}
 n - a potion of mutation {unknown}

Dungeon Overview and Level Annotations

Branches:
Dungeon (4/15)              Sewer (1/1)
 Temple: D:4-7

Altars:
Xom
The Shining One

Shops:
D:1

? ###################
.#≈≈≈≈≈≈S≈≈≈≈≈≈≈≈..###
..≈≈≈≈SSl@≈≈≈≈≈≈≈≈...##
..≈≈≈≈≈FFS#≈≈≈≈≈≈≈....#
..#≈≈≈≈≈≈≈≈≈≈≈≈≈≈.....#
..≈≈≈≈≈≈≈≈≈≈≈≈≈≈≈≈....##
..≈≈≈≈≈≈≈≈≈≈≈≈≈≈≈#...†.#
###################..†.#
####.†.## #..#....#
#..'....#


You could see 2 bullfrogs, 4 ball pythons and a frilled lizard.


Message History

The bullfrog releases a deep croak.
The bullfrog moves out of view.
You miss the adder.
Your +1 spectral short sword hits the adder.
The adder misses you. x2; The ball python bites you.
The ball python grabs you. The ball python constricts you.
The ball python completely misses you. 😕 HP[-1]
You take 1 damage, and now have 31/32 hp.
You barely miss the adder.
Your +1 spectral short sword hits the adder!
You kill the adder!
Lugonu accepts your kill. The adder misses you. The ball python bites you.
The ball python constricts you.
The bullfrog hits your +1 spectral short sword.
Your spectral weapon shares its damage with you!
The adder barely misses you. 😕 HP[-4]
You take 4 damage, and now have 27/32 hp.
You closely miss the adder.
The bullfrog closely misses your +1 spectral short sword.
The ball python closely misses you. The ball python constricts you.
The ball python bites you but does no damage.
The ball python closely misses you. The adder bites you. 😕 HP[-1]
You take 1 damage, and now have 26/32 hp.
You closely miss the adder.
The bullfrog closely misses your +1 spectral short sword.
The ball python bites you but does no damage. x2
The ball python constricts you. The ball python bites you.
The adder bites you but does no damage.
The bullfrog closely misses your +1 spectral short sword.
The ball python bites you but does no damage. x2
The ball python constricts you. 😮 HP[-4]
You take 4 damage, and now have 22/32 hp.
You hit the adder. The ball python barely misses you. The adder bites you.
The bullfrog hits your +1 spectral short sword but does no damage.
The ball python closely misses you. The ball python bites you.
The ball python constricts you. The ball python misses you.
The adder closely misses you. 😮 HP[-2]
You take 2 damage, and now have 20/32 hp.
You miss the adder.
The bullfrog hits your +1 spectral short sword.
The ball python closely misses you. The ball python constricts you.
The ball python bites you but does no damage. x2
The adder bites you but does no damage.
The bullfrog closely misses your +1 spectral short sword.
You escape the ball python's grasp.
The adder attacks as you move away! The adder bites you but does no damage.
The ball python attacks as you move away!
The ball python bites you. The ball python closely misses you.
The ball python attacks as you move away!
The ball python misses you. The ball python closely misses you.
The ball python bites you but does no damage.
The ball python barely misses you. The bullfrog hits you. 😮 HP[-2]
You take 2 damage, and now have 18/32 hp.
You closely miss the adder.
Your +1 spectral short sword closely misses the adder.
The adder barely misses you.
A ball python comes into view.
The ball python bites you but does no damage.
The ball python barely misses you.
The ball python bites your +1 spectral short sword but does no damage.
The bullfrog barely misses your +1 spectral short sword.
You closely miss the adder.
Your +1 spectral short sword hits the adder!
You kill the adder!
Lugonu accepts your kill. The bullfrog hits you!
* * * LOW HITPOINT WARNING * * *
The ball python bites your +1 spectral short sword.
The ball python barely misses you. The ball python grabs you.
The ball python constricts you.
* * * LOW HITPOINT WARNING * * *
The bullfrog hits your +1 spectral short sword but does no damage.
The frilled lizard barely misses your +1 spectral short sword.
The ball python bites you but does no damage.
The bullfrog hits you!
* * * LOW HITPOINT WARNING * * *
The ball python barely misses your +1 spectral short sword.
The bullfrog completely misses your +1 spectral short sword.
The ball python bites you.
* * * LOW HITPOINT WARNING * * *
The ball python constricts you.
Your Spellcasting skill increases to level 3! 😱 HP[-17]
You take 17 damage, and now have 1/32 hp.
MASSIVE DAMAGE!! (PAUSE)
You don't have enough health at the moment.
Unknown command.
Unknown command.
It was a potion of might.
You feel very mighty all of a sudden. The bullfrog hits you.
You die...

Skill      XL: |  1  2  3  4  5 |
---------------+----------------+-----
Spellcasting   | 1 2 3 |  3.0
Dodging        | 3 |  3.8
Fighting       | 3 |  3.2
Invocations    | 3 |  3.2
Short Blades   | |  2.4
Armour         | |  0.7

Action                   |  1- 3 |  4- 6 || total
-------------------------+-------+-------++-------
Melee: Short sword       |   109 |    66 ||   175
  Use: Scroll            |     4 |       ||     4
       Potion            |       |     1 ||     1
 Stab: Sleeping          |     5 |       ||     5
Armor: Leather armour    |    27 |    27 ||    54
Dodge: Dodged            |    66 |    45 ||   111

Levels and vault maps discovered:
D:1:      dpeg_arrival_yet_another_circle, layout_basic, serial_shops,
          shop_statue, roderic_lattice_a
D:2:      layout_basic, hex_tiny
D:3:      layout_basic, gammafunk_temple_overflow_wave, basic_ecumenical_altar,
          gup_sewer_entry_bowl
D:4:      layout_gridville
Sewer:    sewer_minmay_w

Notes
Turn   | Place    | Note
-------+----------+-------------------------------------------
     0 | Abyss:1  | spiderkeys the Deep Elf Abyssal Knight began the quest for
                  | the Orb.
     0 | Abyss:1  | Reached XP level 1. HP: 13/13 MP: 4/4
     0 | Abyss:1  | magus.rc [v1.11.3]
    53 | D:1      | You pass through the gate.
    53 | D:1      | Escaped the Abyss
   221 | D:1      | Reached skill level 1 in Spellcasting
   232 | D:1      | Reached XP level 2. HP: 14/18 MP: 5/5
   303 | D:1      | Found Dusyequs's Magic Scroll Emporium.
   787 | D:1      | Reached skill level 3 in Dodging
   819 | D:1      | Reached *** piety under Lugonu
   893 | D:1      | Reached XP level 3. HP: 20/22 MP: 7/7
  1416 | D:2      | You fall into a shaft and drop 2 floors!
  1477 | D:3      | Found a faded altar of an unknown god.
  1575 | D:3      | Found a shimmering altar of Xom.
  1575 | D:3      | Found a glowing golden altar of the Shining One.
  1595 | D:3      | Reached skill level 2 in Spellcasting
  1609 | D:3      | Found a glowing drain.
  1625 | Sewer    | Entered a sewer
  1665 | Sewer    | Reached XP level 4. HP: 21/27 MP: 9/9
  1756 | Sewer    | Reached skill level 3 in Fighting
  1850 | Sewer    | Reached **** piety under Lugonu
  1877 | Sewer    | Reached skill level 3 in Invocations
  2086 | Sewer    | Reached XP level 5. HP: 30/32 MP: 11/11
  2166 | Sewer    | HP: 2/32 [bullfrog (7)]
  2167 | Sewer    | Reached skill level 3 in Spellcasting
  2167 | Sewer    | Slain by a bullfrog

Vanquished Creatures
  7 adders
  4 river rats (Sewer)
  A worm (D:3)
  A dart slug (D:1)
  15 ball pythons
  5 endoplasms
  3 goblins
  3 hobgoblins (D:1)
  3 jackals (D:1)
  3 quokkas
  4 bats (D:1)
  2 frilled lizards
  2 kobolds (D:1)
  19 rats
72 creatures vanquished.

Table legend:
 A = Non-vault XP
 B = Vault XP
 C = Vault XP percentage of total XP
 D = Non-vault monster count
 E = Vault monster count
 F = Vault count percentage of total count
                 A         B        C        D         E       F
            +---------+---------+-------+---------+---------+-------
      Total |      62 |     178 |  74.2 |      30 |      42 |  58.3
            +---------+---------+-------+---------+---------+-------
        D:1 |      43 |       0 |   0.0 |      26 |       0 |   0.0
        D:2 |      17 |       0 |   0.0 |       3 |       0 |   0.0
        D:3 |       2 |       9 |  81.8 |       1 |       3 |  75.0
      Sewer |       0 |     169 | 100.0 |       0 |      39 | 100.0
            +---------+---------+-------+---------+---------+-------

Illustrated notes

Table legend:
 A = Kills in this place as a percentage of kills in entire the game.
 B = Kills by you in this place as a percentage of kills by you in the entire game.
 C = Kills by friends in this place as a percentage of kills by friends in the entire game.
 D = Other kills in this place as a percentage of other kills in the entire game.
 E = Experience gained in this place as a percentage of experience gained in the entire game.
 F = Experience gained in this place divided by the number of levels of this place that you have seen.
                   A       B       C       D       E      F
               +-------+-------+-------+-------+-------+----------------------
         Total | 100.0 | 100.0 |   N/A |   N/A | 100.0 |  40.0
       Dungeon |  45.8 |  45.8 |   N/A |   N/A |  29.6 |  17.8
         Sewer |  54.2 |  54.2 |   N/A |   N/A |  70.4 | 169.0
               +-------+-------+-------+-------+-------+----------------------

Table legend: (Time is in decaauts)
 A = Elapsed time spent in this place.
 B = Non-inter-level travel time spent in this place.
 C = Inter-level travel time spent in this place.
 D = Time resting spent in this place.
 E = Time spent auto-exploring this place.
 F = Levels seen in this place.
 G = Mean time per level.
                   A        B        C        D        E       F      G
               +--------+--------+--------+--------+--------+-----+--------+
         Total |   2203 |   2113 |     90 |     76 |   1539 |   6 |  367.2 |
       Dungeon |   1574 |   1484 |     90 |     12 |   1153 |   4 |  393.5 |
         Abyss |     53 |     53 |      0 |      0 |     44 |   1 |   53.0 |
         Sewer |    575 |    575 |      0 |     64 |    342 |   1 |  575.0 |
               +--------+--------+--------+--------+--------+-----+--------+

Top non-repeatable levels by time:
     D:1: 1197 daAuts
   Sewer: 575 daAuts
     D:3: 192 daAuts
     D:2: 164 daAuts
 Abyss:1: 53 daAuts
     D:4: 19 daAuts
